cohdb
Replays
Latest Replays
All Replays
Popular Replays
Top Player Replays
Match Explorer
How It Works
Community
CoH3 Stats
Reddit
Sign in to upload your games and track your stats! →
Sign in with Steam
Match 24728479
Unlisted
Match 24728479
Overview
Messages
Build Orders
End
Construct Barracks
Selects Armored Battlegroup
Selects Assault Engineers
Assault Engineer Squad
Riflemen Squad
Riflemen Squad
Construct Medical Station
Selects Strength in Steel
Grenade Package
M1 Mortar Team
Mechanized Support Center
Construct Motor Pool
Selects Field Repairs
M1 Anti-tank Gun Team
M8 Greyhound Armored Car
M1918 Browning Automatic Rifles
Selects Seek and Destroy
Selects UNKNOWN (2160077)
Riflemen Squad
M1 Anti-tank Gun Team
M1 Anti-tank Gun Team
Construct Tank Depot
Selects War Machine
Riflemen Squad
M4A3E8 Sherman Easy Eight
Assault Engineer Squad
Improvised Armor
M1 Anti-tank Gun Team
M4A3E8 Sherman Easy Eight
Riflemen Squad
Scout Squad
M4A3E8 Sherman Easy Eight
Riflemen Squad
Riflemen Squad
Assault Engineer Squad
M4A3E8 Sherman Easy Eight
Wrathment
tigran_t
0
0
Comments
sign in to comment!
No comments posted yet!